Map: Ulrena

Players

ILLBdA

  • Race: Protoss Protoss
  • League: Diamond

Solid - Winner!

  • Race: Terran Terran
  • League: Diamond

VOD

Have the link to the VOD?

Description

Time

  • Played on: Dec. 31, 2015, 5:03 a.m.
  • Length: 12:26
Show
View Real Time Build Order
Export as new Build Order

ILLBdA Protoss 

Build Orders: 1 Gate Expand 

Get SALT Encoding   

  12  0:01  Probe (Chrono Boost)  
  13  0:11  Probe (Chrono Boost)  
  14  0:18  Pylon  
  14  0:22  Probe (Chrono Boost)  
  15  0:37  Probe (Chrono Boost)  
  15  0:38  Gateway  
  16  0:43  Assimilator  
  16  0:47  Probe (Chrono Boost)  
  17  0:58  Probe (Chrono Boost)  
  18  1:08  Probe (Chrono Boost)  
  19  1:20  Nexus  
  19  1:31  Cybernetics Core  
  19  1:34  Probe (Chrono Boost)  
  20  1:45  Probe (Chrono Boost)  
  20  1:46  Assimilator  
  21  1:55  Probe (Chrono Boost)  
  21  1:57  Pylon  
  22  2:15  Mothership Core (Chrono Boost), Adept (Chrono Boost)  
  26  2:16  Warp Gate  
  26  2:35  Robotics Facility  
  26  2:36  Probe x2  
  28  2:46  Stalker (Chrono Boost)  
  28  2:47  Probe  
  28  2:48  Probe  
  32  2:58  Probe  
  32  3:00  Probe  
  34  3:08  Probe  
  37  3:13  Stalker (Chrono Boost)  
  37  3:14  Probe  
  38  3:22  Probe  
  39  3:27  Mothership Core  
  39  3:31  Pylon  
  39  3:33  Probe  
  38  3:44  Stalker (Chrono Boost)  
  38  3:46  Warp Prism  
  42  3:56  Probe  
  42  3:58  Gateway  
  42  4:00  Gateway  
  43  4:04  Gateway  
  43  4:08  Probe  
  44  4:14  Probe  
  45  4:20  Probe  
  46  4:24  Nexus  
  46  4:36  Immortal (Chrono Boost)  
  46  4:37  Probe  
  51  4:38  Probe  
  51  4:40  Pylon  
  52  5:00  Probe  
  52  5:05  Assimilator  
  53  5:08  Assimilator  
  53  5:09  Probe  
  53  5:10  Pylon  
  53  5:11  Observer (Chrono Boost)  
  53  5:13  Probe  
  54  5:16  Twilight Council  
  54  5:18  Adept  
  54  5:19  Adept  
  54  5:20  Probe  
  58  5:23  Pylon  
  58  5:25  Probe  
  58  5:26  Pylon  
  60  5:30  Probe  
  60  5:32  Immortal (Chrono Boost)  
  60  5:35  Probe  
  65  5:37  Probe  
  65  5:40  Adept  
  69  5:44  Probe  
  70  5:54  Robotics Bay  
  70  6:01  Immortal (Chrono Boost), Blink (Chrono Boost)  
  70  6:03  Stalker  
  72  6:06  Stalker  
  72  6:08  Probe x2  
  80  6:17  Pylon  
  80  6:24  Stalker  
  76  6:41  Disruptor  
  79  6:48  Stalker x3  
  85  7:02  Gateway  
  85  7:03  Gateway  
  85  7:04  Nexus  
  85  7:05  Pylon  
  85  7:12  Probe x2, Disruptor  
  85  7:13  Probe, Assimilator  
  85  7:14  Assimilator  
  88  7:22  Probe  
  91  7:24  Probe  
  91  7:25  Stalker x2  
  97  7:32  Pylon  
  97  7:40  Forge  
  97  7:43  Stalker x2  
  97  7:58  Stalker x2  
  99  8:00  Probe  
  99  8:04  Pylon  
  99  8:05  Disruptor  
  100  8:08  Resonating Glaives (Chrono Boost)  
  100  8:12  Stalker  
  105  8:13  Stalker  
  107  8:21  Protoss Ground Armor Level 1 (Chrono Boost)  
  107  8:22  Probe  
  107  8:25  Photon Cannon  
  108  8:28  Photon Cannon  
  108  8:30  Stalker x2  
  112  8:36  Disruptor  
  112  8:39  Photon Cannon  
  112  8:45  Stalker  
  112  8:46  Stalker  
  119  8:57  Stargate x2  
  119  9:10  Stalker, Observer  
  122  9:18  Stalker x4  
  130  9:38  Stalker x2  
  128  9:58  Disruptor  
  121  10:00  Pylon  
  99  10:23  Phoenix (Chrono Boost)  
  99  10:25  Phoenix (Chrono Boost)  
  103  10:33  Observer  
  104  10:38  Zealot x3  
  110  10:55  Nexus  
  110  11:00  Phoenix  
  97  11:34  Pylon  
  97  11:36  Pylon  
  97  11:54  Pylon  
  97  12:06  Probe  
  106  12:23  Zealot x3  
Show
View Real Time Build Order
Export as new Build Order

Solid Terran - Winner!

Build Orders:  

Get SALT Encoding   

  12  0:00  SCV  
  13  0:13  SCV  
  14  0:22  Supply Depot  
  14  0:25  SCV  
  15  0:43  SCV  
  15  0:46  Barracks  
  16  0:54  Refinery  
  16  0:55  SCV  
  17  1:08  SCV  
  18  1:20  SCV  
  19  1:33  Orbital Command  
  19  1:38  Barracks Reactor  
  19  1:43  Command Center  
  19  1:50  Refinery  
  19  1:59  SCV  
  20  2:08  Supply Depot  
  20  2:12  SCV  
  20  2:14  Marine x2  
  23  2:20  Factory  
  23  2:30  SCV  
  23  2:32  Marine x2  
  26  2:42  SCV  
  27  2:51  Marine  
  27  2:52  Marine  
  27  2:55  Orbital Command  
  29  3:03  SCV  
  29  3:08  Starport  
  29  3:17  SCV  
  27  3:27  Marine x2  
  27  3:28  Factory Tech Lab  
  28  3:46  SCV  
  28  3:47  SCV  
  28  3:48  Engineering Bay  
  30  3:54  Cyclone, Marine  
  30  3:55  Marine  
  35  4:00  SCV x2  
  37  4:11  Viking  
  37  4:12  SCV x2  
  37  4:17  Supply Depot  
  41  4:24  SCV  
  41  4:25  SCV  
  41  4:26  Marine  
  41  4:27  Marine  
  45  4:39  Missile Turret  
  45  4:41  Supply Depot, SCV  
  45  4:42  SCV  
  47  4:55  SCV x2  
  48  5:04  Marine x2  
  50  5:07  SCV x2  
  50  5:16  Medivac  
  50  5:17  Siege Tank  
  55  5:22  Barracks x2  
  55  5:24  Marine  
  55  5:25  Marine  
  57  5:29  Supply Depot, SCV x2  
  59  5:38  Terran Infantry Weapons Level 1  
  59  5:40  Command Center  
  59  5:41  SCV  
  59  5:42  SCV  
  61  5:43  Missile Turret  
  61  5:53  Supply Depot  
  61  5:56  SCV x2  
  63  5:59  Refinery x2, Marine  
  63  6:00  Marine  
  63  6:01  Starport Reactor  
  58  6:29  Marine x2  
  58  6:30  Barracks Tech Lab x2  
  51  6:43  Medivac x2  
  55  6:47  SCV x2  
  57  7:01  Barracks  
  57  7:02  SCV x2, Barracks, Orbital Command  
  57  7:03  Barracks x2  
  57  7:04  Barracks  
  57  7:07  Marauder  
  57  7:08  Stimpack, Marauder  
  63  7:10  Combat Shields  
  63  7:13  Factory Reactor  
  63  7:17  SCV x2  
  65  7:24  Refinery  
  65  7:26  Refinery  
  65  7:28  SCV  
  65  7:29  SCV  
  67  7:30  Marauder, Marine x2  
  67  7:31  Medivac, Marauder  
  67  7:33  Terran Infantry Armor Level 1  
  75  7:39  SCV  
  74  7:52  Barracks Tech Lab  
  74  7:53  Barracks Reactor  
  74  7:58  Barracks Tech Lab  
  74  8:00  SCV x3  
  77  8:11  Missile Turret  
  77  8:12  SCV x3  
  80  8:14  Supply Depot, Missile Turret  
  80  8:15  Supply Depot, Marauder x4  
  80  8:16  Marine x2  
  80  8:17  Marine x2  
  92  8:21  Armory, Engineering Bay  
  92  8:26  SCV  
  93  8:36  SCV x2, Medivac x2, Marine x2  
  93  8:39  Marauder x4  
  109  8:42  Supply Depot  
  109  8:43  Supply Depot  
  109  8:48  Supply Depot  
  109  9:04  Marauder x3, Marine x2  
  109  9:05  Marauder, Marine x4  
  123  9:12  Supply Depot, SCV  
  123  9:13  SCV x2  
  123  9:14  Supply Depot x2  
  126  9:24  Marine x2  
  126  9:25  Marine x4  
  126  9:27  SCV  
  126  9:30  Ghost Academy  
  133  9:34  SCV x2  
  133  9:36  Supply Depot, Marauder  
  133  9:37  Marauder x3  
  141  9:44  Marine  
  141  9:45  Marine x5  
  142  9:58  Marauder x3  
  147  10:03  Marauder  
  147  10:05  Marine, Medivac x2  
  143  10:15  Marine x5  
  143  10:20  Supply Depot, SCV x2  
  137  10:34  Marauder x4, Marine x6  
  135  10:50  Medivac x2  
  135  10:52  Marine  
  135  10:53  Supply Depot  
  135  10:54  Supply Depot  
  135  10:55  Marauder  
  135  10:56  Marauder x2  
  126  11:12  Marauder, Marine x6  
  126  11:17  Marauder x2, Marine  
  133  11:29  Marine  
  133  11:30  Marine x4  
  117  11:33  Marauder  
  115  11:40  Medivac x2  
  115  11:43  Marauder  
  115  11:44  Marauder x2  
  125  11:50  Marine x6  
  125  11:53  Factory Reactor  
  131  11:55  Marauder  
  131  12:01  Command Center  
Tags
 
Matchup
PvT
Replay Pack
me
Add a new tag
Caveats
  • Supply blocks, unpowered buildings, or Contaminate may cause inaccurate times.
  • Supply counts are checked every 10 seconds.